Map: Orbital Shipyard

Players

LiquidSnute (Snute) - Winner!

  • Race: Zerg Zerg

Calm

  • Race: Protoss Protoss

Event: NationWars III

VOD

Have the link to the VOD?

Description

Time

  • Played on: Dec. 4, 2015, 12:43 p.m.
  • Length: 16:32
Show
View Real Time Build Order
Export as new Build Order

LiquidSnute Zerg - Winner!

Build Orders: Hatch First 

Get SALT Encoding   

  12  0:01  Drone  
  13  0:12  Overlord  
  13  0:17  Drone  
  14  0:31  Drone x2  
  14  0:34  Drone  
  17  0:52  Hatchery  
  17  0:54  Drone  
  17  0:59  Drone  
  18  1:11  Spawning Pool  
  17  1:15  Drone  
  17  1:18  Drone  
  19  1:37  Hatchery  
  18  1:43  Drone  
  18  1:44  Drone  
  20  1:52  Overlord  
  20  1:58  Queen  
  22  2:04  Drone  
  23  2:12  Zergling x2  
  23  2:13  Drone  
  25  2:17  Zergling x2  
  26  2:24  Drone  
  26  2:25  Queen  
  29  2:33  Drone, Extractor  
  29  2:34  Extractor  
  28  2:43  Drone, Queen  
  31  2:46  Overlord  
  31  2:53  Drone  
  31  2:56  Drone  
  33  3:01  Drone  
  34  3:09  Drone  
  35  3:17  Hatchery  
  34  3:23  Drone x2  
  34  3:25  Drone  
  37  3:29  Drone  
  37  3:37  Roach Warren  
  36  3:46  Drone x4  
  36  3:48  Drone  
  41  3:51  Drone  
  41  3:55  Drone x2  
  44  4:00  Overlord  
  42  4:04  Extractor  
  41  4:13  Lair  
  41  4:14  Drone x3  
  44  4:19  Drone x2  
  46  4:28  Roach  
  46  4:29  Roach x3  
  54  4:34  Roach  
  54  4:35  Extractor  
  55  4:39  Roach  
  55  4:44  Overlord  
  57  4:45  Overlord  
  57  4:50  Ravager  
  57  4:52  Overlord  
  58  5:03  Ravager  
  58  5:04  Ravager x4  
  63  5:17  Roach x3  
  63  5:18  Roach x4  
  75  5:22  Drone, Queen  
  75  5:23  Drone, Spore Crawler  
  74  5:34  Overlord  
  74  5:38  Drone x3  
  74  5:39  Drone  
  78  5:49  Overlord  
  78  5:54  Drone x4  
  82  6:03  Drone  
  82  6:04  Drone  
  83  6:11  Drone  
  83  6:14  Hatchery  
  83  6:17  Drone  
  84  6:22  Infestation Pit  
  84  6:23  Overlord  
  83  6:31  Overlord  
  83  6:38  Spore Crawler  
  82  6:43  Overseer  
  82  6:45  Drone x3  
  82  6:46  Drone x2  
  87  6:52  Overlord  
  87  6:53  Overlord  
  87  6:56  Evolution Chamber  
  87  7:00  Pathogen Glands  
  86  7:05  Drone x4  
  86  7:08  Drone  
  91  7:20  Extractor  
  91  7:22  Drone x4  
  94  7:24  Zerg Melee Weapons Level 1  
  94  7:25  Infestor x3  
  100  7:31  Drone x3  
  100  7:36  Infestor  
  103  7:37  Infestor  
  103  7:41  Infestor  
  103  7:43  Queen  
  111  7:47  Spore Crawler  
  111  7:49  Spore Crawler  
  111  7:50  Spore Crawler  
  108  7:51  Spore Crawler  
  108  7:52  Spore Crawler  
  108  7:54  Spore Crawler  
  108  7:55  Drone x2  
  107  8:01  Drone x4  
  107  8:02  Extractor  
  107  8:04  Drone x2  
  107  8:20  Drone x7  
  114  8:28  Overlord x2  
  114  8:29  Overlord  
  114  8:34  Overlord  
  114  8:35  Overlord  
  114  8:41  Hatchery  
  114  8:47  Queen  
  117  8:51  Queen  
  119  8:58  Metabolic Boost  
  119  9:00  Hive  
  119  9:02  Infestor x3  
  123  9:06  Ravager x2  
  123  9:09  Overlord  
  125  9:12  Overlord x2  
  125  9:19  Zerg Melee Weapons Level 2  
  125  9:24  Evolution Chamber  
  125  9:26  Queen x2  
  128  9:37  Drone x3  
  131  9:39  Spore Crawler  
  131  9:44  Overlord  
  130  9:48  Drone  
  130  9:50  Zerg Ground Armor Level 1  
  131  9:54  Queen  
  133  10:02  Queen x2  
  137  10:07  Drone x4  
  137  10:08  Drone x3  
  144  10:16  Ultralisk Cavern  
  144  10:17  Adrenal Glands  
  143  10:38  Queen x2  
  143  10:42  Overlord x3  
  147  10:52  Spine Crawler  
  147  10:54  Spine Crawler  
  145  11:01  Drone  
  145  11:02  Drone x2  
  148  11:04  Chitinous Plating  
  148  11:05  Ultralisk  
  148  11:06  Ultralisk x5  
  184  11:12  Ultralisk  
  189  11:19  Ultralisk  
  188  11:40  Drone x8  
  188  11:41  Drone x3  
  198  11:48  Zerg Ground Armor Level 2  
  198  11:49  Zerg Melee Weapons Level 3  
  198  11:51  Drone  
  199  12:06  Hatchery, Spire  
  199  12:07  Drone x3, Spire  
  199  12:11  Pneumatized Carapace  
  199  12:14  Extractor x2  
  197  12:33  Ultralisk  
  167  12:46  Ultralisk  
  167  12:47  Zergling x2  
  167  12:48  Zergling x50  
  190  13:31  Zergling x18  
  190  13:32  Zergling x10  
  199  13:34  Zergling x2  
  172  13:43  Zergling x18  
  170  13:56  Zerg Flyer Weapons Level 1, Greater Spire  
  162  14:03  Zergling x14  
  162  14:04  Zergling x4  
  172  14:10  Zergling x8  
  172  14:16  Corruptor x2  
  172  14:17  Corruptor x2  
  183  14:25  Corruptor x4  
  193  15:09  Brood Lord x3  
  193  15:10  Brood Lord  
  199  15:15  Spore Crawler x2  
  199  15:16  Brood Lord  
  199  15:17  Spore Crawler  
  199  15:18  Spore Crawler x3, Brood Lord  
  199  15:19  Brood Lord  
  199  15:21  Spore Crawler  
  198  15:22  Spore Crawler, Brood Lord  
  207  15:33  Overseer x4  
  207  15:43  Spore Crawler  
Show
View Real Time Build Order
Export as new Build Order

Calm Protoss 

Build Orders:  

Get SALT Encoding   

  12  0:01  Probe (Chrono Boost)  
  13  0:12  Probe (Chrono Boost)  
  14  0:17  Pylon  
  14  0:22  Probe (Chrono Boost)  
  15  0:36  Probe (Chrono Boost)  
  15  0:41  Gateway  
  16  0:46  Probe (Chrono Boost)  
  17  0:55  Forge  
  18  0:57  Probe (Chrono Boost)  
  18  1:08  Probe (Chrono Boost)  
  19  1:18  Probe (Chrono Boost)  
  20  1:24  Assimilator  
  20  1:29  Probe (Chrono Boost)  
  20  1:32  Pylon  
  21  1:33  Pylon  
  21  1:34  Pylon  
  21  1:39  Probe (Chrono Boost)  
  22  1:50  Cybernetics Core  
  22  1:54  Photon Cannon  
  23  2:06  Photon Cannon  
  22  2:12  Probe (Chrono Boost)  
  22  2:13  Pylon  
  23  2:18  Assimilator  
  23  2:22  Probe (Chrono Boost)  
  24  2:33  Probe (Chrono Boost)  
  25  2:38  Adept (Chrono Boost)  
  25  2:39  Warp Gate  
  27  3:00  Nexus  
  27  3:02  Probe  
  28  3:14  Mothership Core  
  28  3:16  Adept (Chrono Boost)  
  32  3:35  Probe, Stargate  
  33  3:47  Probe  
  34  3:59  Probe  
  33  4:12  Probe (Chrono Boost)  
  33  4:15  Pylon  
  34  4:18  Oracle (Chrono Boost)  
  34  4:21  Probe  
  34  4:23  Probe  
  39  4:31  Probe  
  39  4:34  Photon Cannon  
  39  4:35  Probe, Photon Cannon  
  41  4:42  Probe  
  42  4:47  Probe  
  43  4:53  Probe, Assimilator  
  43  4:54  Phoenix (Chrono Boost), Assimilator  
  43  4:59  Probe  
  47  5:02  Pylon  
  47  5:03  Probe  
  48  5:11  Probe, Stargate  
  48  5:14  Probe  
  50  5:23  Probe  
  50  5:24  Probe  
  52  5:35  Probe x2  
  53  5:42  Phoenix (Chrono Boost)  
  54  5:43  Stargate  
  54  5:45  Probe  
  54  5:47  Probe  
  56  5:52  Pylon  
  56  5:54  Pylon  
  56  5:56  Pylon  
  56  6:09  Probe  
  56  6:10  Probe  
  60  6:12  Phoenix (Chrono Boost)  
  60  6:14  Phoenix (Chrono Boost)  
  62  6:19  Probe  
  62  6:22  Probe  
  62  6:23  Pylon  
  64  6:30  Probe  
  65  6:34  Nexus, Phoenix (Chrono Boost)  
  65  6:35  Probe  
  65  6:39  Phoenix (Chrono Boost)  
  70  6:40  Gateway  
  70  6:41  Protoss Air Weapons Level 1 (Chrono Boost)  
  70  6:42  Gateway  
  70  6:45  Gateway  
  72  6:48  Phoenix (Chrono Boost)  
  72  6:56  Phoenix (Chrono Boost)  
  72  6:57  Probe  
  72  6:59  Probe  
  78  7:02  Phoenix (Chrono Boost)  
  78  7:06  Pylon  
  78  7:08  Pylon  
  78  7:22  Probe  
  78  7:24  Probe  
  80  7:30  Phoenix x3  
  80  7:33  Probe  
  80  7:36  Probe  
  88  7:42  Robotics Facility  
  88  7:43  Probe  
  88  7:48  Probe  
  90  7:55  Phoenix x2  
  90  7:56  Probe  
  90  7:57  Phoenix  
  97  8:00  Assimilator  
  97  8:02  Assimilator  
  97  8:10  Gateway x2  
  97  8:13  Gateway  
  97  8:15  Gateway  
  89  8:31  Robotics Bay  
  89  8:34  Warp Prism (Chrono Boost)  
  89  8:40  Robotics Facility  
  91  8:44  Probe  
  91  8:46  Probe  
  93  8:57  Pylon  
  93  8:59  Pylon x2  
  93  9:00  Pylon  
  93  9:02  Probe  
  93  9:06  Forge  
  93  9:08  Twilight Council  
  94  9:12  Nexus  
  94  9:13  Pylon  
  94  9:19  Probe  
  94  9:21  Probe  
  94  9:22  Pylon  
  94  9:23  Disruptor (Chrono Boost)  
  99  9:25  Probe  
  99  9:27  Disruptor (Chrono Boost)  
  99  9:30  Probe  
  103  9:33  Probe  
  105  9:43  Protoss Ground Weapons Level 1 (Chrono Boost), Protoss Ground Armor Level 1 (Chrono Boost), Blink  
  105  9:50  Probe  
  105  9:52  Probe  
  104  10:08  Disruptor (Chrono Boost)  
  104  10:10  Disruptor (Chrono Boost)  
  104  10:13  Nexus  
  110  10:15  Pylon x2  
  110  10:25  Pylon  
  110  10:36  Adept x3  
  110  10:37  Adept  
  110  10:41  Disruptor (Chrono Boost), Assimilator  
  121  10:43  Assimilator  
  121  10:44  Stalker x2  
  121  10:46  Stalker x2  
  121  10:49  Observer (Chrono Boost)  
  129  10:57  Photon Cannon  
  129  10:58  Photon Cannon  
  129  11:00  Photon Cannon  
  129  11:02  Stalker x2  
  129  11:03  Stalker x2  
  137  11:09  Disruptor (Chrono Boost)  
  140  11:15  Disruptor (Chrono Boost)  
  143  11:22  Probe  
  130  11:43  Stalker x2  
  130  11:44  Stalker x4  
  130  11:45  Stalker x2  
  130  11:46  Disruptor (Chrono Boost)  
  130  11:47  Disruptor (Chrono Boost)  
  144  11:52  Protoss Ground Armor Level 2 (Chrono Boost)  
  144  11:59  Protoss Ground Weapons Level 2 (Chrono Boost)  
  144  12:06  Probe  
  144  12:07  Stalker  
  144  12:08  Stalker x2  
  149  12:09  Stalker x2  
  149  12:10  Stalker x3  
  161  12:17  Disruptor (Chrono Boost)  
  161  12:22  Assimilator  
  164  12:24  Assimilator  
  164  12:37  Disruptor (Chrono Boost)  
  167  12:40  Stalker  
  167  12:41  Stalker x4  
  167  12:42  Stalker x3  
  183  12:48  Disruptor (Chrono Boost)  
  186  13:04  Stalker  
  186  13:05  Stalker x4  
  192  13:29  Disruptor  
  192  13:34  Disruptor  
  137  13:54  Stalker x3  
  137  13:55  Stalker x5  
  142  14:04  Disruptor (Chrono Boost)  
  145  14:10  Disruptor (Chrono Boost)  
  145  14:17  Nexus  
  148  14:18  Pylon  
  148  14:20  Stalker x6  
  148  14:21  Stalker x2  
  164  14:30  Robotics Facility x2  
  164  14:43  Disruptor x2 (Chrono Boost)  
  150  15:02  Stalker x3  
  150  15:03  Stalker x5  
  166  15:17  Immortal (Chrono Boost)  
  166  15:18  Immortal (Chrono Boost), Disruptor x2 (Chrono Boost)  
  180  15:29  Probe  
  181  15:38  Probe  
  181  15:39  Probe  
  183  15:47  Adept x4  
  183  15:48  Adept x2  
  195  15:50  Probe  
  195  15:55  Disruptor (Chrono Boost)  
  199  16:00  Probe  
Tags
 
Add a new tag
Caveats
  • Supply blocks, unpowered buildings, or Contaminate may cause inaccurate times.
  • Supply counts are checked every 10 seconds.